AoeStats
← Prushogamer

Arena

504551990Analyzed
4v4 RM · 25d ago on Sep 5, 2026· 48m 7s· 8 players
Game mode
Random Map
Map size
Large (8 player)
Population
200
Speed
Normal
Resources
Standard
Victory
Conquest
Starting age
Dark Age
Ending age
Imperial Age
RankedLock teamsTeams togetherTeam positionsShared explorationLock speedFull tech treeHidden civsTurbo modeCheats
Victory
Defeat
🇺🇸 Mongols · United States
1136
+15
🇦🇷 Koreans · Argentina
1118
+15
🇦🇷 Lithuanians · Argentina
1110
+16
🇹🇼 Britons · Taiwan
1104
+16
🇦🇷 Huns · Argentina
1156
-17
🇺🇸 Portuguese · United States
1137
-17
🇦🇷 Celts · Argentina
1131
-17
🇦🇷 Franks · Argentina
990
-11
Gamer
10:42 Feudal Age
11:45 Loom
14:40 Castle Age
12:34 Double-Bit Axe
13:11 Horse Collar
15:51 Heavy Plow
17:13 Bow Saw
22:33 Wheelbarrow
28:46 Imperial Age
27:14 Coinage
26:38 Gold Mining
26:54 Fletching
27:42 Ballistics
27:14 Treadmill Crane
27:37 Stone Mining
27:33 Pikeman
27:59 Gambesons
28:14 Squires
28:18 Scale Mail Armor
29:07 Gold Shaft Mining
29:20 Hand Cart
29:30 Forging
29:42 Squires
30:24 Crossbowman
31:31 Town Watch
32:25 Iron Casting
32:06 Chain Mail Armor
31:46 Bodkin Arrow
32:51 Conscription
31:54 Arbalester
32:15 Halberdier
34:29 Chemistry
33:30 Padded Archer Armor
33:57 Fortified Wall
34:39 Yeomen
36:01 Town Patrol
38:36 Warwolf
40:49 Hoardings
40:02 Elite Longbowman
46:28 Bracer
46:44 Leather Archer Armor
47:30 Blast Furnace
47:00 Plate Mail Armor
47:07 Elite Skirmisher
48:46 Siege Engineers
48:55 Masonry
rambo
11:30 Feudal Age
13:23 Double-Bit Axe
15:41 Castle Age
14:41 Stone Mining
14:35 Horse Collar
15:13 Gold Mining
15:25 Fletching
16:40 Bodkin Arrow
19:09 Padded Archer Armor
20:11 Leather Archer Armor
20:23 Bow Saw
24:35 Heavy Plow
31:33 Imperial Age
29:40 Wheelbarrow
32:01 Scale Barding Armor
32:09 Elite Mangudai
33:14 Conscription
34:43 Pikeman
36:00 Bracer
36:20 Chain Barding Armor
36:11 Forging
36:19 Loom
36:49 Squires
36:58 Scale Mail Armor
37:50 Gold Shaft Mining
37:20 Onager
38:31 Bloodlines
37:44 Light Cavalry
39:56 Hand Cart
42:05 Iron Casting
43:23 Drill
44:55 Ballistics
45:35 Chemistry
44:41 Siege Engineers
45:39 Blast Furnace
45:08 Capped Ram
rabbit o sea conejo
9:08 Loom
11:05 Feudal Age
13:20 Double-Bit Axe
13:21 Horse Collar
15:47 Castle Age
13:32 Horse Collar
15:29 Wheelbarrow
17:18 Gold Mining
17:53 Bow Saw
22:58 Bloodlines
26:16 Forging
26:12 Scale Barding Armor
28:13 Iron Casting
28:22 Chain Barding Armor
30:11 Redemption
31:42 Husbandry
34:29 Heavy Plow
35:20 Hand Cart
36:17 Stone Mining
39:09 Imperial Age
39:12 Heresy
39:11 Fervor
40:29 Plate Barding Armor
39:15 Cavalier
41:56 Conscription
41:59 Light Cavalry
44:05 Crop Rotation
44:37 Two-Man Saw
44:15 Stone Shaft Mining
43:24 Paladin
48:29 Caravan
Maxi24875
11:08 Feudal Age
12:24 Double-Bit Axe
14:45 Castle Age
12:43 Horse Collar
13:19 Loom
15:02 Wheelbarrow
27:29 Scale Mail Armor
27:39 Forging
36:38 Imperial Age
34:24 Hand Cart
34:32 Bow Saw
34:15 Gambesons
35:05 Heavy Plow
34:40 Pikeman
36:17 Squires
36:04 Arson
36:38 Chain Mail Armor
38:09 Shinkichon
38:38 Guilds
38:38 Gold Mining
38:38 Stone Mining
38:31 Halberdier
40:00 Town Watch
40:22 Siege Engineers
41:18 Chemistry
40:39 Ballistics
40:09 Heavy Rocket Cart
41:13 Conscription
41:58 Elite Fire Lancer
43:27 Arrowslits
43:38 Murder Holes
43:24 Treadmill Crane
43:55 Masonry
43:58 Fortified Wall
47:34 Two-Man Saw
46:49 Eupseong
47:20 Architecture
47:42 Caravan
48:20 Fletching
49:01 Plate Mail Armor
49:07 Iron Casting
Mace The Lovely
13:18 Feudal Age
14:35 Double-Bit Axe
18:20 Castle Age
17:08 Horse Collar
21:25 Bow Saw
21:17 Heavy Plow
21:57 Wheelbarrow
26:37 Hand Cart
34:57 Imperial Age
35:43 Bloodlines
35:35 Husbandry
35:43 Scale Barding Armor
35:50 Forging
35:17 Cavalier
37:48 Chain Barding Armor
41:05 Plate Barding Armor
Fencer_Khan
10:45 Feudal Age
14:56 Castle Age
13:04 Double-Bit Axe
14:20 Gold Mining
16:42 Horse Collar
19:41 Bow Saw
23:12 Heavy Plow
26:18 Stone Mining
27:23 Wheelbarrow
26:41 Loom
30:01 Ballistics
34:17 Imperial Age
33:45 Hand Cart
34:08 Scale Mail Armor
34:20 Forging
35:23 Chain Mail Armor
35:23 Furor Celtica
35:12 Pikeman
38:19 Chemistry
37:01 Capped Ram
37:35 Heavy Scorpion
37:41 Halberdier
39:26 Plate Mail Armor
40:14 Siege Engineers
41:32 Iron Casting
41:50 Capped Ram
carlos__federico
11:19 Feudal Age
11:42 Feudal Age
15:26 Castle Age
13:56 Bloodlines
14:44 Scale Barding Armor
14:37 Horse Collar
15:30 Double-Bit Axe
22:49 Forging
22:58 Loom
23:28 Light Cavalry
24:45 Bow Saw
27:21 Husbandry
29:00 Wheelbarrow
34:12 Imperial Age
32:45 Hand Cart
34:01 Chain Barding Armor
33:12 Elite Skirmisher
33:43 Fletching
34:15 Ballistics
33:50 Murder Holes
34:33 Cavalier
35:49 Plate Barding Armor
35:53 Iron Casting
36:34 Chemistry
35:24 Pikeman
36:04 Squires
36:07 Scale Mail Armor
36:14 Padded Archer Armor
37:08 Heavy Plow
36:59 Gold Mining
37:54 Capped Ram
41:48 Two-Man Saw
41:24 Gold Shaft Mining
40:39 Stone Mining
42:26 Blast Furnace
41:22 Bodkin Arrow
41:15 Paladin
41:50 Halberdier
42:18 Arson
44:42 Bracer
44:57 Leather Archer Armor
46:35 Devotion
47:06 Chain Mail Armor
47:34 Hussar
Prushogamer
12:08 Feudal Age
16:18 Castle Age
14:31 Double-Bit Axe
17:33 Wheelbarrow
16:46 Loom
17:20 Bow Saw
19:43 Hand Cart
20:33 Husbandry
21:26 Town Watch
26:39 Forging
28:33 Town Patrol
Connection lost

Rejoining the realm…

Still unreachable

The connection could not be restored.

Session expired

The server has moved on; the page needs a fresh start.